 Dungeon Crawl Stone Soup version 0.22.0 (webtiles) character file.

89 dysrexia the Insei (level 4, -9/35 HPs)
             Began as a Draconian Transmuter on Aug 11, 2018.
             Mangled by a gnoll
             ... wielding a +0 halberd
              (13 damage)
             ... on level 3 of the Dungeon.
             The game lasted 00:09:17 (2316 turns).

dysrexia the Insei (Draconian Transmuter)           Turns: 2316, Time: 00:09:18

Health: -9/35      AC:  6    Str: 12    XL:     4   Next: 31%
Magic:  4/7        EV: 12    Int: 13    God:
Gold:   125        SH:  0    Dex: 13    Spells: 1/7 levels left

rFire    . . .     SeeInvis .     - Unarmed
rCold    . . .     Gourm    .   (no shield)
rNeg     . . .     Faith    .   (armour unavailable)
rPois    .         Spirit   .   (helmet restricted)
rElec    .         Reflect  .   f - +0 cloak
rCorr    .         Harm     .   (no gloves)
MR       .....                  (no boots)
Stlth    +.........             (no amulet)
HPRegen  0.11/turn              (no ring)
MPRegen  0.10/turn              (no ring)

@: appendage (expiring)
A: unfitting armour, horns 2, cold-blooded, AC +5
a: End Transformation


You were on level 3 of the Dungeon.
You were not hungry.
You had grown temporary horns.
You visited 1 branch of the dungeon, and saw 3 of its levels.

You collected 125 gold pieces.

Inventory:

Missiles
 a - 7 arrows
Armour
 f - a +0 cloak (worn)
 k - a +2 pair of gloves
Jewellery
 g - an uncursed ring of protection from fire {unknown}
Scrolls
 b - 2 scrolls of teleportation {unknown}
 d - a scroll of remove curse {unknown}
Potions
 e - 2 potions of brilliance
 h - a potion of lignification
 i - a potion of curing {unknown}
 l - a potion of flight {unknown}
Comestibles
 c - 5 rations


   Skills:
 - Level 1.1 Fighting
 - Level 1.7 Dodging
 * Level 4.5 Unarmed Combat
 - Level 2.0 Spellcasting
 + Level 3.1 Transmutations
 + Level 0.0 Poison Magic


You had one spell level left.
You knew the following spells:

 Your Spells              Type           Power        Failure   Level  Hunger
a - Beastly Appendage     Tmut           #.....       7%          1    ##.....
b - Sticks to Snakes      Tmut           #.......     11%         2    ###....
c - Spider Form           Tmut/Pois      #.........   38%         3    ####...

Your spell library contained the following spells:

 Spells                   Type           Power        Failure   Level  Hunger
 Blade Hands              Tmut           #.........   89%         5    ######.
 Ice Form                 Ice/Tmut       #.......     80%         4    #####..


Dungeon Overview and Level Annotations

Branches:
Dungeon (3/15)

Altars:


Innate Abilities, Weirdness & Mutations

Your plain brown scales are hard. (AC +5)
You cannot fit into any form of body armour.
You are cold-blooded and may be slowed by cold attacks.
You have a pair of horns on your head.


Message History

Your ball python dies!
Casting: Sticks to Snakes (safe; 11% risk of failure)
Confirm with . or Enter, or press ? or * to list all spells.
You create a snake!
You now have 7 arrows.
Casting: Sticks to Snakes (safe; 11% risk of failure)
Confirm with . or Enter, or press ? or * to list all spells.
You grow a pair of large bovine horns.
The gnoll hits you from afar with a halberd!
Unknown command.
The gnoll throws a throwing net.
The throwing net closely misses you.
The gnoll hits you from afar with a spear.
The gnoll hits you with a halberd!
* * * LOW HITPOINT WARNING * * *
The gnoll closely misses you. The gnoll hits your adder with a whip!
Your adder dies!
There is a stone staircase leading up here.
Your transformation is almost over.
The gnoll hits you from afar with a halberd!
You die...

#.....# ########.######.#
...........gg....
#######....g..... #g#........
## #.######### #.
#######.#####################.
........g..g................#.
.......(.g.g.@................
..#################.....###.##
#.....# #.## #.....# #..#
#)....# ##.# #.....# #.#
#.....# #.. ######## #.....#
##. #......#####.....# #.


You could see 4 gnolls.

Vanquished Creatures
  A jelly (D:3)
  2 adders (D:2)
  A worm (D:3)
  A leopard gecko (D:1)
  4 orcs
  A ball python (D:1)
  4 bats
  2 giant cockroaches (D:1)
  2 goblins
  9 hobgoblins
  3 frilled lizards (D:1)
  3 kobolds
  4 rats
37 creatures vanquished.

Notes
Turn   | Place    | Note
-------+----------+-------------------------------------------
     0 | D:1      | dysrexia the Draconian Transmuter began the quest for the Orb.
     0 | D:1      | Reached XP level 1. HP: 16/16 MP: 3/3
   199 | D:1      | Reached XP level 2. HP: 18/23 MP: 5/5
   607 | D:1      | Learned a level 2 spell: Sticks to Snakes
  1244 | D:2      | Reached XP level 3. HP: 28/28 MP: 6/6
  1444 | D:2      | Reached skill level 4 in Unarmed Combat
  2002 | D:3      | Reached XP level 4. HP: 27/35 MP: 4/7
  2104 | D:3      | Learned a level 3 spell: Spider Form
  2316 | D:3      | Mangled by a gnoll

Skill      XL: |  1  2  3 |
---------------+----------+-----
Unarmed Combat | 4 |  4.5
Transmutations | 3 |  3.1
Fighting       | |  1.1
Dodging        | |  1.7
Spellcasting   | |  2.0

Action                   |  1- 3 |  4- 6 || total
-------------------------+-------+-------++-------
Melee: Unarmed           |   135 |    22 ||   157
       Tailslap          |    11 |     1 ||    12
       Headbutt          |     1 |     1 ||     2
       Punch             |     1 |       ||     1
       Kick              |     2 |       ||     2
 Cast: Beastly Appendage |     4 |     2 ||     6
       Sticks to Snakes  |     3 |     2 ||     5
  Use: Scroll            |     3 |       ||     3
       Potion            |     3 |       ||     3
  Eat: Chunk             |     4 |     1 ||     5
Armor: Skin              |    27 |     6 ||    33
Dodge: Dodged            |    81 |    12 ||    93
